Workbook

Sheet Trades
A1: Date Opened | B1: Date Closed | C1: Ticker | D1: Asset (Stock/Call/Put) | E1: Direction (Long/Short) | F1: Setup / Strategy | G1: Thesis | H1: Strike (options) | I1: Expiration (options) | J1: Planned Entry | K1: Stop | L1: Target | M1: Quantity (shares or contracts) | N1: Planned Risk ($) | O1: Entry Price | P1: Exit Price | Q1: Fees ($) | R1: Multiplier | S1: P&L ($) | T1: Return % | U1: R-Multiple | V1: Holding Days | W1: Followed Plan? (Y/N) | X1: Mistake Tag | Y1: Lesson
A2: 46083 | B2: 46094 | C2: ABC | D2: Stock | E2: Long | F2: Breakout | G2: Hypothetical example: breakout above a multi-month range | J2: 50 | K2: 47 | L2: 56 | M2: 100 | N2: 300 | O2: 50.2 | P2: 55.4 | Q2: 0 | R2: =IF(D2="","",IF(D2="Stock",1,100)) | S2: =IF(OR(O2="",P2="",M2=""),"",IF(E2="Short",-1,1)*(P2-O2)*M2*IF(D2="Stock",1,100)-N(Q2)) | T2: =IF(S2="","",IF(O2*M2=0,"",S2/(O2*M2*IF(D2="Stock",1,100)))) | U2: =IF(OR(S2="",N2="",N2=0),"",S2/N2) | V2: =IF(OR(A2="",B2=""),"",B2-A2) | W2: Y | Y2: Took the target as planned
A3: 46037 | B3: 46213 | C3: XYZ | D3: Call | E3: Long | F3: LEAPS | G3: Hypothetical example: multi-quarter margin recovery | H3: 80 | I3: 46584 | J3: 26.5 | K3: 19.5 | L3: 40 | M3: 1 | N3: 700 | O3: 26.5 | P3: 38 | Q3: 0 | R3: =IF(D3="","",IF(D3="Stock",1,100)) | S3: =IF(OR(O3="",P3="",M3=""),"",IF(E3="Short",-1,1)*(P3-O3)*M3*IF(D3="Stock",1,100)-N(Q3)) | T3: =IF(S3="","",IF(O3*M3=0,"",S3/(O3*M3*IF(D3="Stock",1,100)))) | U3: =IF(OR(S3="",N3="",N3=0),"",S3/N3) | V3: =IF(OR(A3="",B3=""),"",B3-A3) | W3: N | X3: Early exit | Y3: Exited before the target on earnings nerves
A4: 46118 | B4: 46121 | C4: DEF | D4: Put | E4: Long | F4: Breakdown | G4: Hypothetical example: failed bounce at resistance | H4: 40 | I4: 46157 | J4: 1.8 | K4: 1.2 | L4: 3 | M4: 3 | N4: 180 | O4: 1.85 | P4: 1.1 | Q4: 3.9 | R4: =IF(D4="","",IF(D4="Stock",1,100)) | S4: =IF(OR(O4="",P4="",M4=""),"",IF(E4="Short",-1,1)*(P4-O4)*M4*IF(D4="Stock",1,100)-N(Q4)) | T4: =IF(S4="","",IF(O4*M4=0,"",S4/(O4*M4*IF(D4="Stock",1,100)))) | U4: =IF(OR(S4="",N4="",N4=0),"",S4/N4) | V4: =IF(OR(A4="",B4=""),"",B4-A4) | W4: N | X4: Held past stop | Y4: Close at the stop, not after it
R5: =IF(D5="","",IF(D5="Stock",1,100)) | S5: =IF(OR(O5="",P5="",M5=""),"",IF(E5="Short",-1,1)*(P5-O5)*M5*IF(D5="Stock",1,100)-N(Q5)) | T5: =IF(S5="","",IF(O5*M5=0,"",S5/(O5*M5*IF(D5="Stock",1,100)))) | U5: =IF(OR(S5="",N5="",N5=0),"",S5/N5) | V5: =IF(OR(A5="",B5=""),"",B5-A5)
R6: =IF(D6="","",IF(D6="Stock",1,100)) | S6: =IF(OR(O6="",P6="",M6=""),"",IF(E6="Short",-1,1)*(P6-O6)*M6*IF(D6="Stock",1,100)-N(Q6)) | T6: =IF(S6="","",IF(O6*M6=0,"",S6/(O6*M6*IF(D6="Stock",1,100)))) | U6: =IF(OR(S6="",N6="",N6=0),"",S6/N6) | V6: =IF(OR(A6="",B6=""),"",B6-A6)
R7: =IF(D7="","",IF(D7="Stock",1,100)) | S7: =IF(OR(O7="",P7="",M7=""),"",IF(E7="Short",-1,1)*(P7-O7)*M7*IF(D7="Stock",1,100)-N(Q7)) | T7: =IF(S7="","",IF(O7*M7=0,"",S7/(O7*M7*IF(D7="Stock",1,100)))) | U7: =IF(OR(S7="",N7="",N7=0),"",S7/N7) | V7: =IF(OR(A7="",B7=""),"",B7-A7)
R8: =IF(D8="","",IF(D8="Stock",1,100)) | S8: =IF(OR(O8="",P8="",M8=""),"",IF(E8="Short",-1,1)*(P8-O8)*M8*IF(D8="Stock",1,100)-N(Q8)) | T8: =IF(S8="","",IF(O8*M8=0,"",S8/(O8*M8*IF(D8="Stock",1,100)))) | U8: =IF(OR(S8="",N8="",N8=0),"",S8/N8) | V8: =IF(OR(A8="",B8=""),"",B8-A8)
R9: =IF(D9="","",IF(D9="Stock",1,100)) | S9: =IF(OR(O9="",P9="",M9=""),"",IF(E9="Short",-1,1)*(P9-O9)*M9*IF(D9="Stock",1,100)-N(Q9)) | T9: =IF(S9="","",IF(O9*M9=0,"",S9/(O9*M9*IF(D9="Stock",1,100)))) | U9: =IF(OR(S9="",N9="",N9=0),"",S9/N9) | V9: =IF(OR(A9="",B9=""),"",B9-A9)
R10: =IF(D10="","",IF(D10="Stock",1,100)) | S10: =IF(OR(O10="",P10="",M10=""),"",IF(E10="Short",-1,1)*(P10-O10)*M10*IF(D10="Stock",1,100)-N(Q10)) | T10: =IF(S10="","",IF(O10*M10=0,"",S10/(O10*M10*IF(D10="Stock",1,100)))) | U10: =IF(OR(S10="",N10="",N10=0),"",S10/N10) | V10: =IF(OR(A10="",B10=""),"",B10-A10)
R11: =IF(D11="","",IF(D11="Stock",1,100)) | S11: =IF(OR(O11="",P11="",M11=""),"",IF(E11="Short",-1,1)*(P11-O11)*M11*IF(D11="Stock",1,100)-N(Q11)) | T11: =IF(S11="","",IF(O11*M11=0,"",S11/(O11*M11*IF(D11="Stock",1,100)))) | U11: =IF(OR(S11="",N11="",N11=0),"",S11/N11) | V11: =IF(OR(A11="",B11=""),"",B11-A11)
R12: =IF(D12="","",IF(D12="Stock",1,100)) | S12: =IF(OR(O12="",P12="",M12=""),"",IF(E12="Short",-1,1)*(P12-O12)*M12*IF(D12="Stock",1,100)-N(Q12)) | T12: =IF(S12="","",IF(O12*M12=0,"",S12/(O12*M12*IF(D12="Stock",1,100)))) | U12: =IF(OR(S12="",N12="",N12=0),"",S12/N12) | V12: =IF(OR(A12="",B12=""),"",B12-A12)
R13: =IF(D13="","",IF(D13="Stock",1,100)) | S13: =IF(OR(O13="",P13="",M13=""),"",IF(E13="Short",-1,1)*(P13-O13)*M13*IF(D13="Stock",1,100)-N(Q13)) | T13: =IF(S13="","",IF(O13*M13=0,"",S13/(O13*M13*IF(D13="Stock",1,100)))) | U13: =IF(OR(S13="",N13="",N13=0),"",S13/N13) | V13: =IF(OR(A13="",B13=""),"",B13-A13)
R14: =IF(D14="","",IF(D14="Stock",1,100)) | S14: =IF(OR(O14="",P14="",M14=""),"",IF(E14="Short",-1,1)*(P14-O14)*M14*IF(D14="Stock",1,100)-N(Q14)) | T14: =IF(S14="","",IF(O14*M14=0,"",S14/(O14*M14*IF(D14="Stock",1,100)))) | U14: =IF(OR(S14="",N14="",N14=0),"",S14/N14) | V14: =IF(OR(A14="",B14=""),"",B14-A14)
R15: =IF(D15="","",IF(D15="Stock",1,100)) | S15: =IF(OR(O15="",P15="",M15=""),"",IF(E15="Short",-1,1)*(P15-O15)*M15*IF(D15="Stock",1,100)-N(Q15)) | T15: =IF(S15="","",IF(O15*M15=0,"",S15/(O15*M15*IF(D15="Stock",1,100)))) | U15: =IF(OR(S15="",N15="",N15=0),"",S15/N15) | V15: =IF(OR(A15="",B15=""),"",B15-A15)
R16: =IF(D16="","",IF(D16="Stock",1,100)) | S16: =IF(OR(O16="",P16="",M16=""),"",IF(E16="Short",-1,1)*(P16-O16)*M16*IF(D16="Stock",1,100)-N(Q16)) | T16: =IF(S16="","",IF(O16*M16=0,"",S16/(O16*M16*IF(D16="Stock",1,100)))) | U16: =IF(OR(S16="",N16="",N16=0),"",S16/N16) | V16: =IF(OR(A16="",B16=""),"",B16-A16)
... R501: =IF(D501="","",IF(D501="Stock",1,100)) | S501: =IF(OR(O501="",P501="",M501=""),"",IF(E501="Short",-1,1)*(P501-O501)*M501*IF(D501="Stock",1,100)-N(Q501)) | T501: =IF(S501="","",IF(O501*M501=0,"",S501/(O501*M501*IF(D501="Stock",1,100)))) | U501: =IF(OR(S501="",N501="",N501=0),"",S501/N501) | V501: =IF(OR(A501="",B501=""),"",B501-A501)

Sheet Summary
A1: Metric | B1: Value
A2: Closed trades | B2: =COUNT(Trades!$S$2:$S$501)
A3: Winning trades | B3: =COUNTIF(Trades!$S$2:$S$501,">0")
A4: Losing trades | B4: =COUNTIF(Trades!$S$2:$S$501,"<0")
A5: Win rate | B5: =IF(B2=0,"",B3/B2)
A6: Total P&L | B6: =SUM(Trades!$S$2:$S$501)
A7: Gross profit | B7: =SUMIF(Trades!$S$2:$S$501,">0")
A8: Gross loss | B8: =SUMIF(Trades!$S$2:$S$501,"<0")
A9: Average win | B9: =IF(B3=0,"",B7/B3)
A10: Average loss | B10: =IF(B4=0,"",B8/B4)
A11: Profit factor | B11: =IF(B8=0,"",B7/ABS(B8))
A12: Expectancy per trade | B12: =IF(B2=0,"",B6/B2)
A13: Average R-multiple | B13: =IFERROR(AVERAGE(Trades!$U$2:$U$501),"")
A14: Trades where you followed the plan | B14: =SUMPRODUCT((Trades!$W$2:$W$501="Y")*ISNUMBER(Trades!$S$2:$S$501))
A15: Average P&L when you followed the plan | B15: =IFERROR(AVERAGEIFS(Trades!$S$2:$S$501,Trades!$W$2:$W$501,"Y"),"")
A16: Trades where you didn't follow it | B16: =SUMPRODUCT((Trades!$W$2:$W$501="N")*ISNUMBER(Trades!$S$2:$S$501))
A17: Average P&L when you didn't | B17: =IFERROR(AVERAGEIFS(Trades!$S$2:$S$501,Trades!$W$2:$W$501,"N"),"")
A19: Calculated from closed trades on the Trades sheet. Delete the three hypothetical example rows before you start.

Sheet How to use
A1: Trading Journal Template, from SwingLEAP (swingleap.io/academy/trading-journal-template)
A3: 1. Delete the three example rows on the Trades sheet. They are hypothetical, not real trades or recommendations.
A4: 2. Before each trade, fill in the plan: Ticker, Asset, Direction, Setup, Thesis, Planned Entry, Stop, Target, Quantity and Planned Risk ($).
A5: 3. When you enter and exit, fill in the dates, Entry Price, Exit Price and Fees.
A6: 4. The shaded columns (Multiplier, P&L, Return %, R-Multiple, Holding Days) calculate themselves. Don't type over them.
A7: 5. After the trade, answer Followed Plan? (Y/N), add a Mistake Tag if there was one, and write one lesson.
A8: 6. Once a week, check the Summary sheet. Compare average P&L when you followed the plan with when you didn't.
A10: Options: Asset = Call or Put, Quantity = contracts. Prices are per share, as quoted, and the 100-share multiplier is applied for you.
A11: Plan your options levels on either the option price or the underlying stock, but be consistent so the R-multiple means the same thing every time.
A12: Short trades: Direction = Short. P&L is (entry - exit) x quantity x multiplier - fees.
A13: Google Sheets: in Drive, choose New > File upload, then open the file with Google Sheets. All formulas work there too.
A15: Free to use and share. For education only, not investment, tax or legal advice.
